 Dungeon Crawl Stone Soup version 0.23.2-1-ga50397a (webtiles) character file.

Game seed: 6330745278503963685

16146 gohu the Unseen (level 12, -8/87 HPs)
             Began as a Felid Berserker on May 23, 2019.
             Was the Champion of Trog.
             Mangled by an eight-headed hydra (14 damage)
             ... on level 5 of the Lair of Beasts.
             The game lasted 01:05:47 (19467 turns).

gohu the Unseen (Felid Berserker)                  Turns: 19467, Time: 01:05:48

Health: -8/87      AC:  3    Str: 18    XL:     12   Next: 7%
Magic:  18/18      EV: 30    Int: 10    God:    Trog [******]
Gold:   781        SH:  0    Dex: 19    Spells: 12/12 levels left
                                        Lives:  0   Deaths: 3

rFire    . . .     SeeInvis +     - Unarmed
rCold    + . .     Gourm    .   (shield unavailable)
rNeg     . . .     Faith    +   (armour unavailable)
rPois    .         Spirit   .   (helmet unavailable)
rElec    .         Reflect  .   (cloak unavailable)
rCorr    .         Harm     .   (gloves unavailable)
MR       ++...                  (boots unavailable)
Stlth    ..........             t - amulet of faith
HPRegen  0.24/turn              o - +5 ring of slaying
MPRegen  0.16/turn              v - ring of protection from magic

@: berserking, very quick
A: very small, no armour, no weapons or thrown items, stealth, claws 1, fangs 3,
see invisible, carnivore, speed 1, shaggy fur 3, slow metabolism 1, sharp paws
a: Berserk, Trog's Hand, Brothers in Arms, Renounce Religion


You were on level 5 of the Lair of Beasts.
You worshipped Trog.
Trog was exalted by your worship.
You were very full.

You visited 2 branches of the dungeon, and saw 17 of its levels.
You also visited: Ossuary.

You collected 1061 gold pieces.
You spent 280 gold pieces at shops.

Inventory:

Jewellery
 i - an uncursed ring of stealth
 o - a +5 ring of slaying (left paw)
 s - an uncursed ring of protection from cold
 t - an amulet of faith (around neck)
 v - a ring of protection from magic (right paw)
 G - an uncursed ring of protection from magic
 H - an uncursed amulet of guardian spirit
 L - an uncursed ring of ice
Wands
 n - a wand of digging (4)
 q - a wand of acid (10)
 u - a wand of iceblast (11)
 y - a wand of paralysis (1)
 z - a wand of flame (23)
 D - a wand of enslavement (9)
 F - a wand of random effects (14)
Scrolls
 b - 3 scrolls of blinking
 e - 12 scrolls of identify
 f - 2 scrolls of fog
 g - a scroll of torment
 k - 4 scrolls of remove curse
 l - 4 scrolls of teleportation
 r - 4 scrolls of fear
 J - a scroll of holy word
 K - 2 scrolls of magic mapping
Potions
 c - 2 potions of mutation
 d - 7 potions of haste
 h - a potion of cancellation
 j - 5 potions of curing
 m - 4 potions of flight
 p - 6 potions of heal wounds
 w - 3 potions of magic
 x - a potion of brilliance
 A - 4 potions of might
 B - a potion of invisibility
 C - 2 potions of resistance
 I - a potion of degeneration {unknown}
Miscellaneous
 E - a phial of floods
Comestibles
 a - 18 rations
 M - a chunk of flesh


   Skills:
 + Level 9.7 Fighting
 + Level 12.3 Dodging
 * Level 15.0 Stealth
 * Level 14.0 Unarmed Combat
 - Level 0.7 Spellcasting
 + Level 7.4 Evocations


You had 12 spell levels left.
You didn't know any spells.
Your spell library was empty.

Dungeon Overview and Level Annotations

Branches:
Dungeon (12/15)            Temple (0/1) D:4            Lair (5/6) D:11
 Shoals (0/4) Lair:4       Spider (0/4) Lair:3        Slime (0/5) Lair:5
    Orc (0/2) D:11

Altars:
Xom
Yredelemnul
Lugonu

Shops:
D:4 *   D:6 [   D:7 *   D:11 [(

Annotations:
D:2 Jessica
D:3 1 runed translucent door, goulibeur's ghost, amateur DrBe
D:9 4 runed translucent doors, Harold
Lair:2 exclusion: 2 oklob plants


Innate Abilities, Weirdness & Mutations

You cannot wear armour.
You are incapable of wielding weapons or throwing items.
Your paws allow you to move quietly. (Stealth)
You have sharp claws.
You have razor-sharp teeth.
You have supernaturally acute eyesight. (SInv)
You are carnivorous and can eat meat at any time.
You cover ground quickly.
Your thick and shaggy fur keeps you warm. (AC +3, rC+)
You have a slow metabolism.
Your sharp claws are effective at attacking unaware monsters.


Message History

The eight-headed hydra misses you. x2
The eight-headed hydra barely misses you.
The eight-headed hydra misses you.
The eight-headed hydra closely misses you.
The eight-headed hydra bites you!
* * * LOW HITPOINT WARNING * * *
The eight-headed hydra completely misses you.
You mangle the eight-headed hydra!!
The eight-headed hydra is moderately wounded.
You mangle the eight-headed hydra!!
The eight-headed hydra is severely wounded.
The eight-headed hydra bites you!
* * * LOW HITPOINT WARNING * * *
The eight-headed hydra bites you!
* * * LOW HITPOINT WARNING * * *
The eight-headed hydra completely misses you. x2
The eight-headed hydra misses you.
The eight-headed hydra barely misses you.
The eight-headed hydra bites you!
You die...

#....##....#.P.....#
. ##..#
.........P### .
#.#........# ..
##.........# # ...
#%#........## #
....##..........## #
.........##.)..#.#
.≈≈≈≈...##......##
≈≈≈≈≈≈≈.#@......###
≈≈≈≈≈≈≈FD.........#
.
≈≈≈≈≈≈≈≈.....#....#
.#
≈≈≈≈≈≈≈..#.#.##....#
.. ≈≈.≈≈≈....####
#P... . ≈≈.<.≈.###.
... ≈...... # ##
.....## ##.#


You could see an eight-headed hydra and a spiny frog.

Vanquished Creatures
  2 entropy weavers (Lair:4)
  Snorg (D:11)
  Erolcha (D:9)
  3 hydras
  A catoblepas (Lair:5)
  A two-headed ogre (D:9)
  Erica (D:11)
  A queen ant (Lair:4)
  Nergalle (Lair:1)
  4 skeletal warriors (D:10)
  An unseen horror (D:10)
  Pikel (D:4)
  A deep elf mage (D:6)
  A wolf spider (Lair:3)
  A cyclops (D:11)
  Maurice (D:9)
  5 spiny frogs
  2 black mambas
  Psyche (D:10)
  5 komodo dragons
  3 kobold demonologists (D:10)
  A rime drake (Lair:1)
  2 trolls
  Grinder (D:6)
  4 blink frogs (Lair:3)
  A hippogriff (D:10)
  A vampire (D:9)
  3 wyverns
  20 yaks
  A hungry ghost (D:8)
  2 basilisks
  7 water moccasins
  18 soldier ants (Lair:4)
  5 porcupines
  A black bear (D:6)
  3 orc warriors
  4 ice beasts
  2 slaves (D:4)
  A phantom (D:6)
  2 sky beasts
  3 ogres
  3 wolves (D:11)
  5 centaurs
  2 crocodiles
  3 big kobolds
  A gnoll sergeant (D:9)
  13 bullfrogs
  3 water moccasin zombies (Ossuary)
  A scorpion (D:9)
  A water moccasin skeleton (D:5)
  6 killer bees (D:11)
  4 wights (D:9)
  2 electric eels (D:11)
  9 howler monkeys
  4 bullfrog zombies
  A crimson imp (D:9)
  A gnoll shaman (D:5)
  4 centaur skeletons
  A centaur zombie (D:6)
  12 hounds
  8 jellies
  An orc priest (D:7)
  10 orc wizards
  2 bullfrog skeletons
  5 iguanas
  31 worker ants
  A killer bee zombie (D:7)
  2 big kobold zombies (Ossuary)
  2 hound skeletons
  2 mummies (Ossuary)
  A howler monkey zombie (D:7)
  2 worker ant zombies
  8 gnolls
  8 adders
  2 oozes (Lair:5)
  7 adder zombies (Ossuary)
  A worm (D:2)
  4 dart slugs
  3 leopard geckos
  29 orcs
  2 ball pythons
  5 bats
  8 giant cockroaches
  3 gnoll zombies (Ossuary)
  10 goblins
  14 hobgoblins
  10 jackals
  9 quokkas
  6 frilled lizards
  3 hobgoblin zombies (Ossuary)
  24 kobolds
  7 kobold zombies (Ossuary)
  An orc zombie (Ossuary)
  A quokka zombie (D:5)
  7 rats
  A plant (D:6)
436 creatures vanquished.

Vanquished Creatures (collateral kills)
  A big kobold (D:10)
  5 killer bees (D:10)
  2 electric eels (D:11)
  2 orc wizards (D:10)
  2 orcs (D:10)
  2 kobolds (D:10)
  A quokka (D:10)
15 creatures vanquished.

Vanquished Creatures (others)
  2 fungi (Lair:1)
  4 plants
6 creatures vanquished.

Grand Total: 457 creatures vanquished

Notes
Turn   | Place    | Note
-------+----------+-------------------------------------------
     0 | D:1      | gohu the Felid Berserker began the quest for the Orb.
     0 | D:1      | Reached XP level 1. HP: 10/10 MP: 2/2
   456 | D:1      | Reached skill level 1 in Stealth
   456 | D:1      | Reached XP level 2. HP: 14/14 MP: 3/3
  1059 | D:1      | Reached XP level 3. HP: 16/17 MP: 4/4
  1180 | D:2      | Reached skill level 2 in Stealth
  1612 | D:2      | Reached ** piety under Trog
  1956 | D:2      | Reached XP level 4. HP: 21/21 MP: 5/5
  2038 | D:2      | Noticed Jessica
  2358 | D:3      | Found a runed translucent door.
  2602 | D:3      | Noticed goulibeur's ghost (amateur DrBe)
  2660 | D:3      | Reached skill level 3 in Stealth
  2930 | D:3      | Reached XP level 5. HP: 24/24 MP: 7/7
  2934 | D:3      | Reached skill level 5 in Unarmed Combat
  3068 | D:3      | Reached skill level 4 in Stealth
  3746 | D:4      | Gained mutation: You are covered in thick fur. (AC +2)
                  | [Felid growth]
  3746 | D:4      | Reached XP level 6. HP: 28/28 MP: 8/8
  3821 | D:4      | Found a staircase to the Ecumenical Temple.
  3953 | D:4      | Found Heimu's Assorted Antiques.
  3977 | D:4      | Bought a tiny bronze amulet for 115 gold pieces
  4048 | D:4      | Reached skill level 5 in Stealth
  4163 | D:4      | Reached *** piety under Trog
  4457 | D:4      | Reached XP level 7. HP: 21/31 MP: 9/9
  4673 | D:4      | Noticed Pikel
  4680 | D:4      | Killed Pikel
  4680 | D:4      | Reached skill level 5 in Dodging
  4680 | D:4      | Reached skill level 6 in Stealth
  4680 | D:4      | Reached XP level 8. HP: 36/36 MP: 10/10
  4783 | D:5      | Entered Level 5 of the Dungeon
  5369 | D:5      | Reached skill level 7 in Stealth
  5510 | D:6      | Reached **** piety under Trog
  5854 | D:6      | Found Ituadu's Armour Shop.
  6078 | D:6      | Reached XP level 9. HP: 36/39 MP: 12/12
  6091 | D:6      | Noticed Grinder
  6282 | D:7      | Found Perch's General Store.
  6285 | D:7      | Bought a wand of iceblast (11) for 165 gold pieces
  6312 | D:7      | Reached skill level 5 in Fighting
  6323 | D:7      | Found a basalt altar of Yredelemnul.
  6326 | D:7      | Reached skill level 8 in Stealth
  6346 | D:7      | Found a sand-covered staircase.
  6379 | Ossuary  | Entered an ossuary
  6573 | Ossuary  | Reached ***** piety under Trog
  7906 | D:6      | Reached skill level 9 in Stealth
  7933 | D:6      | Killed Grinder
  7941 | D:6      | Noticed a deep elf mage
  7949 | D:6      | Killed a deep elf mage
  7949 | D:6      | Reached skill level 10 in Unarmed Combat
  7949 | D:6      | Reached XP level 10. HP: 42/45 MP: 14/14
  8626 | D:9      | Noticed Harold
  8635 | D:9      | Slain by Harold
  8636 | D:9      | Reached XP level 9. HP: -4/41 MP: 13/13
  8924 | D:9      | Noticed a two-headed ogre
  8930 | D:9      | Found a large runed translucent door.
  8930 | D:9      | Found a large runed translucent door.
  8931 | D:9      | Killed a two-headed ogre
  8931 | D:9      | Reached skill level 10 in Stealth
  8935 | D:9      | Noticed a wizard
  8936 | D:9      | Noticed a troll
  9023 | D:9      | Found a large runed translucent door.
  9023 | D:9      | Found a large runed translucent door.
  9051 | D:9      | Identified the +4 battleaxe of Valour {vamp, rC- Str+10
                  | Int-3 Dex+6}
  9112 | D:9      | Noticed Erolcha
  9148 | D:9      | Reached XP level 10. HP: 46/46 MP: 14/14
  9206 | D:9      | Noticed Maurice
  9389 | D:9      | Killed Maurice
  9389 | D:9      | Reached ****** piety under Trog
  9438 | D:9      | Killed Erolcha
  9546 | D:10     | Entered Level 10 of the Dungeon
  9758 | D:10     | Noticed a skeletal warrior
  9758 | D:10     | Noticed a skeletal warrior
  9779 | D:10     | Killed a skeletal warrior
  9779 | D:10     | Reached skill level 11 in Stealth
  9827 | D:10     | Noticed a skeletal warrior
  9830 | D:10     | Noticed a skeletal warrior
  9832 | D:10     | Killed a skeletal warrior
 10030 | D:10     | Noticed Psyche
 10041 | D:10     | Killed Psyche
 10121 | D:10     | Noticed an unseen horror
 10128 | D:10     | Killed an unseen horror
 10128 | D:10     | Reached skill level 10 in Dodging
 10187 | D:10     | Found a corrupted altar of Lugonu.
 10223 | D:10     | Reached XP level 11. HP: 51/51 MP: 15/15
 10310 | D:10     | Killed a skeletal warrior
 10320 | D:10     | Killed a skeletal warrior
 10764 | D:11     | Found Luxilud's Weapon Boutique.
 10765 | D:11     | Found a staircase to the Orcish Mines.
 10767 | D:11     | Found Semmugg's Armour Boutique.
 11019 | D:11     | Noticed Snorg
 11064 | D:11     | Killed Snorg
 11444 | D:11     | Noticed Erica
 11448 | D:11     | Killed Erica
 11448 | D:11     | Reached skill level 12 in Stealth
 11819 | D:11     | Reached skill level 5 in Evocations
 12228 | D:11     | Found a staircase to the Lair.
 12770 | D:11     | Killed from afar by an electric eel
 12771 | D:11     | Reached XP level 10. HP: -7/49 MP: 14/14
 13209 | Lair:1   | Entered Level 1 of the Lair of Beasts
 13833 | Lair:1   | Reached XP level 11. HP: 52/52 MP: 16/16
 14199 | Lair:1   | Noticed Nergalle
 14203 | Lair:1   | Killed Nergalle
 14257 | Lair:1   | Reached skill level 13 in Stealth
 14284 | Lair:1   | Noticed a five-headed hydra
 14291 | Lair:1   | Killed a five-headed hydra
 15864 | Lair:2   | Noticed an oklob plant
 15864 | Lair:2   | Noticed an oklob plant
 16169 | Lair:3   | Found a hole to the Spider Nest.
 16169 | Lair:3   | Noticed a wolf spider
 16182 | Lair:3   | Killed a wolf spider
 16293 | Lair:3   | Found a shimmering altar of Xom.
 16818 | Lair:4   | Noticed a six-headed hydra
 16826 | Lair:4   | Killed a six-headed hydra
 16960 | Lair:4   | Noticed an entropy weaver
 16973 | Lair:4   | Reached skill level 14 in Stealth
 16984 | Lair:4   | Gained mutation: Your thick and shaggy fur keeps you warm.
                  | (AC +3, rC+) [Felid growth]
 16984 | Lair:4   | Reached XP level 12. HP: 57/57 MP: 17/17
 17150 | Lair:4   | Noticed a queen ant
 17194 | Lair:4   | Killed a queen ant
 17351 | Lair:4   | Noticed an entropy weaver
 17371 | Lair:4   | Slain by an entropy weaver
 17372 | Lair:4   | Reached XP level 11. HP: -3/79 MP: 17/17
 17723 | Lair:4   | Killed an entropy weaver
 17931 | Lair:4   | Killed an entropy weaver
 18338 | Lair:4   | Found a staircase to the Shoals.
 18594 | Lair:5   | Noticed a catoblepas
 18606 | Lair:5   | HP: 3/79 [catoblepas (28)]
 18611 | Lair:5   | Killed a catoblepas
 19035 | Lair:5   | Found a staircase to the Slime Pits.
 19317 | Lair:5   | Noticed a six-headed hydra
 19325 | Lair:5   | Killed a six-headed hydra
 19325 | Lair:5   | Reached XP level 12. HP: 58/58 MP: 18/18
 19455 | Lair:5   | Noticed an eight-headed hydra
 19458 | Lair:5   | Reached skill level 15 in Stealth
 19467 | Lair:5   | Mangled by an eight-headed hydra

Skill      XL: |  1  2  3  4  5  6  7  8  9 10 11 12 |
---------------+-------------------------------------+-----
Stealth        | 1 2 3 4 5 6 7 10 11 14 15 | 15.0
Unarmed Combat | 4 5 6 7 8 10 11 14 | 14.0
Dodging        | 5 6 9 11 12 | 12.3
Evocations     | 2 3 4 7 |  7.4
Fighting       | 4 6 7 9 |  9.7
Spellcasting   | |  0.7

Action                   |  1- 3 |  4- 6 |  7- 9 | 10-12 || total
-------------------------+-------+-------+-------+-------++-------
Melee: Unarmed           |    93 |   126 |   267 |   595 ||  1081
       Bite              |    10 |     8 |    32 |    72 ||   122
       Punch             |       |     1 |    16 |    42 ||    59
Invok: Berserk           |     4 |     7 |     7 |    18 ||    36
       Trog's Hand       |       |       |       |     5 ||     5
       Brothers in Arms  |       |       |       |     4 ||     4
Evoke: Wand              |       |       |     2 |     9 ||    11
  Use: Scroll            |       |       |     9 |     5 ||    14
       Potion            |       |       |     7 |     3 ||    10
 Stab: Sleeping          |     8 |    11 |    29 |    41 ||    89
       Distracted        |     2 |     1 |       |     5 ||     8
       Paralysed         |       |       |     2 |     1 ||     3
  Eat: Chunk             |    13 |     6 |    22 |    49 ||    90
Armor: Skin              |     1 |     8 |     7 |     8 ||    24
Dodge: Dodged            |    54 |    89 |   184 |   446 ||   773
